 Dungeon Crawl Stone Soup version 0.29-a0-857-g9b1aa3ac5b (webtiles) character file.

Game seed: 10302094492629207467

67 mcwallace the Shooter (level 3, -2/31 HPs)
             Began as a Minotaur Hunter on July 16, 2022.
             Killed by nerve-wracking pain
             ... invoked by Grinder
              (5 damage)
             ... on level 3 of the Dungeon.
             The game lasted 00:04:03 (1791 turns).

mcwallace the Shooter (Minotaur Hunter)             Turns: 1791, Time: 00:04:03

Health: -2/31      AC:  4    Str: 15    XL:     3   Next: 98%
Magic:  2/2        EV: 13    Int:  6    God:
Gold:   93         SH:  0    Dex: 15    Spells: 2/2 levels left

rFire   . . .      SeeInvis .   a - +0 shortbow {bow}
rCold   + . .      Faith    .   (shield currently unavailable)
rNeg    . . .      Spirit   .   k - +2 robe {rC+}
rPois   .          Reflect  .   (helmet restricted)
rElec   .          Harm     .   (no cloak)
rCorr   .          Rampage  .   (no gloves)
Will    .....                   (no boots)
Stlth   ++........              (no amulet)
HPRegen 0.10/turn               (no ring)
MPRegen 0.08/turn               (no ring)

@: hasted, very quick
A: horns 2, retaliatory headbutt
a: no special abilities


You were on level 3 of the Dungeon.
You visited 1 branch of the dungeon, and saw 3 of its levels.

You collected 93 gold pieces.


Innate Abilities, Weirdness & Mutations

You have a pair of horns on your head.
You reflexively headbutt those who attack you in melee.


   Skills:
 + Level 3.3 Fighting
 + Level 4.9 Ranged Weapons
 + Level 1.9 Armour
 + Level 3.0 Dodging
 - Level 0.7 Stealth


You had 2 spell levels left.
You didn't know any spells.
Your spell library contained the following spells:

 Spells                   Type           Power      Damage    Failure   Level
 Blink                    Tloc           0%         N/A       58%         2
 Ensorcelled Hibernation  Hex/Ice        0%         N/A       58%         2
 Passwall                 Tmut/Erth      0%         N/A       58%         2
 Frozen Ramparts          Ice            0%         1d2       83%         3
 Ignite Poison            Fire/Tmut/Pois 0%         N/A       83%         3
 Lesser Beckoning         Tloc           0%         N/A       83%         3
 Swiftness                Air            0%         N/A       83%         3
 Dispel Undead            Necr           0%         3d6       99%         4
 Ice Form                 Ice/Tmut       0%         N/A       99%         4
 Summon Ice Beast         Ice/Summ       0%         N/A       99%         4
 Borgnjor's Vile Clutch   Necr/Erth      0%         N/A       100%        5
 Manifold Assault         Tloc           0%         N/A       100%        5
 Statue Form              Tmut/Erth      0%         N/A       100%        6

Inventory:

Hand Weapons
 a - a +0 shortbow (weapon) {bow}
 p - a +2 dagger of draining {short}
   (You took it off a goblin on level 2 of the Dungeon)
Missiles
 d - 16 stones {throwing}
Armour
 c - a +1 leather armour
 g - a +0 robe
   (You found it on level 1 of the Dungeon)
 k - a +2 robe of cold resistance (worn)
   (You found it on level 1 of the Dungeon)
 l - a +0 robe
   (You found it on level 1 of the Dungeon)
 m - a +0 robe
   (You found it on level 1 of the Dungeon)
Magical Staves
 j - a staff of conjuration {!a@e2staff}
   (You found it on level 1 of the Dungeon)
Scrolls
 b - 2 scrolls of immolation {!r!r}
 h - a scroll of poison {unknown}
 i - a scroll of enchant armour
 o - a scroll of teleportation {unknown}
 q - 2 scrolls of fear {unknown}
 r - a scroll of vulnerability {unknown}
 t - a scroll of identify {unknown}
Potions
 f - a potion of degeneration {unknown}
 n - a potion of mutation {unknown}
 s - a potion of curing {unknown}
 u - a potion of berserk rage {unknown}

Dungeon Overview and Level Annotations

Branches:
Dungeon (3/15) Zot: 16171

Altars:

Annotations:
D:3 Grinder

.......<..#........
.#..#.#.#..........
#..#.#............
#..#.####.........
#........#.##################
#....###.#.#######...........
#..#...#.#.##................
#..#.#...#..#................
####.#####..#..@.....).......
...............5########..
......................... .
###########)......##.####.
#.###.### # #.....# #.....#
#.....# #.....#


You could see Grinder.


Message History

Aim: a kobold, wielding a +0 club (wandering, hasn't noticed you, 55% to hit)
You shoot an arrow. The kobold shouts!
The arrow hits the kobold.
Fire: a) +0 shortbow {bow}
Press: ? - help, Q - select action, (/) - cycle Shift-Dir - straight line, f/p - kobold
Aim: a kobold, wielding a +0 club (severely wounded, 55% to hit)
You shoot an arrow. The arrow closely misses the kobold.
Fire: a) +0 shortbow {bow}
Press: ? - help, Q - select action, (/) - cycle Shift-Dir - straight line, f/p - kobold
Aim: a kobold, wielding a +0 club (severely wounded, 55% to hit)
You shoot an arrow. The arrow hits the kobold!
You kill the kobold!
You now have 87 gold pieces (gained 17).
Things that are here:
a +0 club {mace}; a kobold corpse A goblin comes into view.
It is wielding a +0 club.
A goblin is nearby!
Fire: a) +0 shortbow {bow}
Press: ? - help, Q - select action, (/) - cycle Shift-Dir - straight line, f - goblin
Aim: a goblin, wielding a +0 club (asleep, 98% to hit)
You shoot an arrow. The arrow hits the goblin!
You kill the goblin!
Fire: a) +0 shortbow {bow}
Press: ? - help, Q - select action, (/) - cycle Shift-Dir - straight line, f - you That would be overly suicidal.
Okay, then.
Unknown command.
You now have 93 gold pieces (gained 6).
You pick up a book of Spatial Translocations and begin reading...
You add the spells Blink, Lesser Beckoning and Manifold Assault to your library.
Grinder comes into view.
Grinder shouts!
You hear an angry hiss.
Fire: a) +0 shortbow {bow}
Press: ? - help, Q - select action, (/) - cycle Shift-Dir - straight line, f - Grinder
Aim: Grinder (58% to hit)
You shoot an arrow. The arrow barely misses Grinder.
Fire: a) +0 shortbow {bow}
Press: ? - help, Q - select action, (/) - cycle Shift-Dir - straight line, f/p - Grinder
Aim: Grinder (58% to hit)
You shoot an arrow. The arrow hits Grinder.
Fire: a) +0 shortbow {bow}
Press: ? - help, Q - select action, (/) - cycle Shift-Dir - straight line, f/p - Grinder
Aim: Grinder (lightly wounded, 58% to hit)
You shoot an arrow. The arrow barely misses Grinder.
A ball python comes into view.
Fire: a) +0 shortbow {bow}
Press: ? - help, Q - select action, (/) - cycle Shift-Dir - straight line, f/p - Grinder
Aim: Grinder (lightly wounded, 58% to hit)
You shoot an arrow. The arrow closely misses Grinder.
The ball python hisses angrily.
The arrow hits the ball python!
You kill the ball python!
Grinder blinks!
Grinder closely misses you.
Fire: a) +0 shortbow {bow}
Press: ? - help, Q - select action, (/) - cycle Shift-Dir - straight line, f/p - Grinder
Aim: Grinder (lightly wounded, 58% to hit)
You shoot an arrow. The arrow hits Grinder.
Grinder hits you.
You writhe in agony. 😕 HP[-7]
You take 7 damage, and now have 24/31 hp.
MASSIVE DAMAGE!! (PAUSE) Fire: a) +0 shortbow {bow}
Press: ? - help, Q - select action, (/) - cycle Shift-Dir - straight line, f/p - Grinder
Aim: Grinder (moderately wounded, 58% to hit)
You shoot an arrow. The arrow barely misses Grinder.
Grinder gestures at you. Pain shoots through your body!
* * * LOW HITPOINT WARNING * * *
😨 HP[-9]
You take 9 damage, and now have 15/31 hp.
MASSIVE DAMAGE!! (PAUSE) Fire: a) +0 shortbow {bow}
Press: ? - help, Q - select action, (/) - cycle Shift-Dir - straight line, f/p - Grinder
Aim: Grinder (moderately wounded, 58% to hit)
You shoot an arrow. The arrow closely misses Grinder.
Grinder gestures at you. Pain shoots through your body!
* * * LOW HITPOINT WARNING * * *
😨 HP[-1]
You take 1 damage, and now have 14/31 hp.
Unknown command.
As you read the scroll labelled SIEBYU OFUA, it crumbles to dust.
It is a scroll of enchant armour.
Really abort (and waste the scroll)?
Your +0 leather armour glows green for a moment.
Grinder hits you.
* * * LOW HITPOINT WARNING * * *
You writhe in agony.
* * * LOW HITPOINT WARNING * * *
😱 HP[-7]
You take 7 damage, and now have 7/31 hp.
MASSIVE DAMAGE!! (PAUSE) It was a potion of haste.
You feel yourself speed up. Grinder hits you.
* * * LOW HITPOINT WARNING * * *
😱 HP[-4]
You take 4 damage, and now have 3/31 hp.
Grinder gestures at you. Pain shoots through your body!
You die...

Skill      XL: |  1  2  3 |
---------------+----------+-----
Armour         | 1 |  1.9
Fighting       | 3 |  3.3
Dodging        | 3 |  3.0
Ranged Weapons | |  4.9
Stealth        | |  0.7

Action                   || total
-------------------------++-------
 Fire: Shortbow          ||   110
  Use: Scroll            ||     1
       Potion            ||     1
Armor: Robe              ||    10
Dodge: Dodged            ||    25

Levels and vault maps discovered:
D:1:      eino_arrival_water_star, layout_basic,
          chequers_ecumenical_altar_island, columned_hall_lemuel,
          eino_curves_01, dreamdust_princess_corridor
D:2:      layout_loops_ring, chequers_serial_rivers_marsh,
          chequers_decorated_corner
D:3:      layout_basic, uniq_grinder

Notes
Turn   | Place    | Note
-------+----------+-------------------------------------------
     0 | D:1      | mcwallace the Minotaur Hunter began the quest for the Orb.
     0 | D:1      | Reached XP level 1. HP: 18/18 MP: 0/0
     0 | D:1      | magus.rc [v1.9.6]
    10 | D:1      | You pick up a book of Rime and begin reading...
    10 | D:1      | You add the spells Frozen Ramparts, Ice Form and Summon Ice
                  | Beast to your library.
   149 | D:1      | Reached XP level 2. HP: 25/25 MP: 1/1
   157 | D:1      | Found a faded altar of an unknown god.
   159 | D:1      | You add the spells Ignite Poison, Dispel Undead, Borgnjor's
                  | Vile Clutch and Statue Form to your library.
   159 | D:1      | Got the Secrets of Forms and Despicable Secrets
   190 | D:1      | You pick up a book of Burglary and begin reading...
   190 | D:1      | You add the spells Passwall, Ensorcelled Hibernation and
                  | Swiftness to your library.
   273 | D:1      | Reached skill level 1 in Armour
   896 | D:2      | Reached XP level 3. HP: 30/30 MP: 2/2
   898 | D:2      | Reached skill level 3 in Fighting
  1431 | D:2      | Reached skill level 3 in Dodging
  1774 | D:3      | You pick up a book of Spatial Translocations and begin
                  | reading...
  1774 | D:3      | You add the spells Blink, Lesser Beckoning and Manifold
                  | Assault to your library.
  1778 | D:3      | Noticed Grinder
  1786 | D:3      | HP: 7/31 [Grinder (2)]
  1787 | D:3      | HP: 3/31 [Grinder (4)]
  1791 | D:3      | Killed from afar by Grinder

Vanquished Creatures
  2 adders (D:2)
  2 dart slugs (D:1)
  3 ball pythons
  4 endoplasms (D:1)
  A giant cockroach (D:2)
  5 goblins
  5 hobgoblins
  3 jackals (D:2)
  A quokka (D:2)
  5 bats
  A frilled lizard (D:2)
  6 kobolds
  A rat (D:1)
39 creatures vanquished.

Table legend:
 A = Non-vault XP
 B = Vault XP
 C = Vault XP percentage of total XP
 D = Non-vault monster count
 E = Vault monster count
 F = Vault count percentage of total count
                 A         B        C        D         E       F
            +---------+---------+-------+---------+---------+-------
      Total |      96 |       0 |   0.0 |      39 |       0 |   0.0
            +---------+---------+-------+---------+---------+-------
        D:1 |      31 |       0 |   0.0 |      16 |       0 |   0.0
        D:2 |      60 |       0 |   0.0 |      20 |       0 |   0.0
        D:3 |       5 |       0 |   0.0 |       3 |       0 |   0.0
            +---------+---------+-------+---------+---------+-------

Illustrated notes

Table legend:
 A = Kills in this place as a percentage of kills in entire the game.
 B = Kills by you in this place as a percentage of kills by you in the entire game.
 C = Kills by friends in this place as a percentage of kills by friends in the entire game.
 D = Other kills in this place as a percentage of other kills in the entire game.
 E = Experience gained in this place as a percentage of experience gained in the entire game.
 F = Experience gained in this place divided by the number of levels of this place that you have seen.
                   A       B       C       D       E      F
               +-------+-------+-------+-------+-------+----------------------
         Total | 100.0 | 100.0 |   N/A |   N/A | 100.0 |  32.0
       Dungeon | 100.0 | 100.0 |   N/A |   N/A | 100.0 |  32.0
               +-------+-------+-------+-------+-------+----------------------

Table legend: (Time is in decaauts)
 A = Elapsed time spent in this place.
 B = Non-inter-level travel time spent in this place.
 C = Inter-level travel time spent in this place.
 D = Time resting spent in this place.
 E = Time spent auto-exploring this place.
 F = Levels seen in this place.
 G = Mean time per level.
                   A        B        C        D        E       F      G
               +--------+--------+--------+--------+--------+-----+--------+
         Total |   1827 |   1691 |    136 |      0 |   1466 |   3 |  609.0 |
       Dungeon |   1827 |   1691 |    136 |      0 |   1466 |   3 |  609.0 |
               +--------+--------+--------+--------+--------+-----+--------+

Top non-repeatable levels by time:
     D:2: 962 daAuts
     D:1: 805 daAuts
     D:3: 59 daAuts
